 Dungeon Crawl Stone Soup version 0.30-a0-29-g142975f185 (webtiles) character file.

Game seed: 11358690912566757750

5009 Shayle the Fighter (level 10, -1/104 HPs)
             Began as an Ogre Warper on Aug 27, 2022.
             Was a Follower of the Shining One.
             Slain by a troll (8 damage)
             ... on level 10 of the Dungeon.
             The game lasted 00:18:49 (12875 turns).

Shayle the Fighter (Ogre Warper)                   Turns: 12875, Time: 00:18:50

Health: -1/104     AC:  6    Str: 25    XL:     10   Next: 54%
Magic:  18/18      EV: 13    Int: 18    God:    the Shining One [*.....]
Gold:   452        SH:  9    Dex:  8    Spells: 15/20 levels left

rFire   + . .      SeeInvis +    i - +5 mace of the Hummingbird {holy, Str+2 SInv}
rCold   + . .      Faith    .    r - +1 kite shield
rNeg    . . .      Spirit   .    G - +0 steam dragon scales
rPois   .          Reflect  .    (helmet restricted)
rElec   .          Harm     .    (no cloak)
rCorr   .          Rampage  .    (gloves unavailable)
Will    ++...                    (boots unavailable)
Stlth   +.........               (no amulet)
HPRegen 0.27/turn                w - ring of Jegalaust {rF+ rC+ EV+4 Str+6}
MPRegen 0.16/turn                n - ring of willpower

@: glowing
A: large, unfitting armour, tough skin 1
a: Renounce Religion, Divine Shield


You were on level 10 of the Dungeon.
You worshipped the Shining One.
The Shining One was aware of your devotion.
You visited 2 branches of the dungeon, and saw 11 of its levels.

You collected 534 gold pieces.
You spent 82 gold pieces at shops.

Inventory:

Hand Weapons
 a - a +1 hand axe
 i - the +5 mace of the Hummingbird (weapon) {holy, Str+2 SInv}
   (You found it on level 2 of the Dungeon)

   It has been blessed by the Shining One to cause great damage to the undead
   and demons.
   Str:       It affects your strength (+2).
   SInv:      It lets you see invisible.
 J - a +2 whip of electrocution
 K - a +0 giant spiked club
Missiles
 d - 7 boomerangs of dispersal (quivered)
Armour
 b - a +0 robe
 r - a +1 kite shield (worn)
 G - +0 steam dragon scales (worn)
Jewellery
 f - a +4 ring of slaying
 n - a ring of willpower (right hand)
 u - a ring of willpower
 w - the ring of Jegalaust (left hand) {rF+ rC+ EV+4 Str+6}
   (You acquired it on level 5 of the Dungeon)

   [ring of evasion]

   EV:        It affects your evasion (+4).
   Str:       It affects your strength (+6).
   rF:        It protects you from fire.
   rC:        It protects you from cold.
Wands
 t - a wand of digging (10)
 y - a wand of flame (17)
 D - a wand of iceblast (5)
 E - a wand of polymorph (13)
Scrolls
 h - 2 scrolls of torment
 l - a scroll of fear
 m - a scroll of teleportation
 o - a scroll of blinking
 p - a scroll of amnesia
 z - a scroll of silence {unknown}
 B - a scroll of magic mapping {unknown}
 C - a scroll of enchant weapon
 I - a scroll of poison {unknown}
 L - 2 scrolls of identify
Potions
 c - a potion of haste
 e - 2 potions of attraction
 g - a potion of lignification {unknown}
 j - 2 potions of cancellation
 k - 2 potions of mutation
 q - 3 potions of curing
 s - 3 potions of brilliance
 v - a potion of flight {unknown}
 x - 3 potions of might
 A - a potion of magic {unknown}
 F - a potion of resistance {unknown}
 H - a potion of heal wounds
 M - a potion of ambrosia {unknown}


   Skills:
 + Level 8.2 Fighting
 + Level 6.1 Axes
 + Level 5.8 Throwing
 + Level 5.7 Dodging
 + Level 4.9 Shields
 - Level 5.5 Spellcasting
 + Level 6.0 Translocations
 + Level 3.8 Invocations


You had 15 spell levels left.
You knew the following spells:

 Your Spells              Type           Power      Damage    Failure   Level
a - Blink                 Tloc           52%        N/A       3%          2
b - Gell's Gravitas       Tloc           26%        N/A       7%          3

Your spell library contained the following spells:

 Spells                   Type           Power      Damage    Failure   Level
 Apportation              Tloc           52%        N/A       2%          1
 Lesser Beckoning         Tloc           26%        N/A       7%          3
 Teleport Other           Tloc           26%        N/A       7%          3
 Portal Projectile        Hex/Tloc       30%        N/A       24%         3
 Necrotise                Necr           20%        1d5       28%         1
 Summon Small Mammal      Summ           20%        N/A       28%         1
 Poisonous Vapours        Pois/Air       10%        N/A       38%         2
 Manifold Assault         Tloc           26%        N/A       54%         5
 Conjure Flame            Conj/Fire      5%         6-21      63%         3
 Ignite Poison            Fire/Tmut/Pois 5%         N/A       63%         3
 Tukima's Dance           Hex            5%         N/A       63%         3
 Corpse Rot               Necr/Pois/Air  5%         N/A       95%         4
 Olgreb's Toxic Radiance  Pois           5%         N/A       95%         4
 Sticky Flame             Conj/Fire      5%         2d3       95%         4
 Summon Ice Beast         Ice/Summ       5%         N/A       95%         4
 Blade Hands              Tmut           2%         N/A       100%        5
 Summon Mana Viper        Hex/Summ       5%         N/A       100%        5
 Monstrous Menagerie      Summ           2%         N/A       100%        7
 Ozocubu's Refrigeration  Ice            2%         4d8       100%        7
 Ignition                 Fire           2%         3d3       100%        8


Dungeon Overview and Level Annotations

Branches:
Dungeon (10/15)            Temple (1/1) D:7
   Lair: D:8-11         Orc: D:9-12

Altars:
Gozag
Hepliaklqana
Kikubaaqudgha
Ru
Uskayaw
The Shining One

Shops:
D:5 *   D:6 **:


Innate Abilities, Weirdness & Mutations

You are too large for most types of armour.
You have tough skin. (AC +1)


Message History

You hit the troll but do no damage.
The troll is moderately wounded.
The troll barely misses you. You block the troll's attack. The troll claws you!
You sock the troll!
The troll is heavily wounded.
The troll barely misses you. You block the troll's attack. x2
The troll misses you. The troll claws you. The troll closely misses you.
You barely miss the troll.
The troll is heavily wounded.
The troll bites you! The troll claws you but does no damage.
You block the troll's attack.
You hit the troll.
The troll is heavily wounded.
The troll completely misses you. The troll claws you!
You block the troll's attack.
You hit the troll.
The troll is heavily wounded.
You block the troll's attack. The troll barely misses you.
The troll claws you but does no damage. The troll barely misses you. x2
The troll closely misses you.
You sock the troll!
The troll is almost dead.
The troll completely misses you. The troll claws you.
You block the troll's attack.
You hit the troll.
The troll is almost dead.
The troll bites you!
* * * LOW HITPOINT WARNING * * *
The troll claws you.
* * * LOW HITPOINT WARNING * * *
The troll closely misses you. The troll bites you.
* * * LOW HITPOINT WARNING * * *
The troll claws you.
* * * LOW HITPOINT WARNING * * *
The troll claws you!
* * * LOW HITPOINT WARNING * * *
You hit the troll.
The troll is almost dead.
The troll bites you but does no damage. The troll claws you!
You die...

#####..#
.......#
.####### ##
# #### #
..## ##
#..## #
<### ####
#.$.##....
...###..#
#.@T......
........##
##.###...##
########.#
##.## .#
#.# ##.##
###.###.##
#...#..##
####.)##
#.## ###


You could see a troll.

Vanquished Creatures
  A two-headed ogre (D:10)
  A gargoyle (D:10)
  2 hornets (D:8)
  2 wyverns
  4 steam dragons
  2 water moccasins
  An orc warrior (D:6)
  An ice beast (D:5)
  A black bear (D:5)
  A centaur (D:8)
  A phantom (D:5)
  A kobold brigand (D:7)
  2 bullfrogs
  5 necrophages
  5 scorpions
  7 wights
  3 howler monkeys
  4 jellies
  12 orc priests
  2 hounds
  Ijyb (D:3)
  3 iguanas
  7 orc wizards
  7 gnolls
  5 adders
  A white imp (D:6)
  4 worms
  4 dart slugs
  30 orcs
  9 endoplasms
  5 giant cockroaches
  2 goblins (D:1)
  7 hobgoblins
  A jackal (D:4)
  2 quokkas
  13 ball pythons
  4 bats
  2 frilled lizards
  15 kobolds
  5 rats
185 creatures vanquished.

Vanquished Creatures (others)
  A water moccasin (D:7)
  A howler monkey (D:9)
  A kobold (D:8)
  A rat (D:1)
  2 plants (D:1)
6 creatures vanquished.

Grand Total: 191 creatures vanquished

Notes
Turn   | Place    | Note
-------+----------+-------------------------------------------
     0 | D:1      | Shayle the Ogre Warper began the quest for the Orb.
     0 | D:1      | Reached XP level 1. HP: 22/22 MP: 3/3
    73 | D:1      | Found a faded altar of an unknown god.
   317 | D:1      | Reached XP level 2. HP: 29/29 MP: 5/5
   523 | D:1      | Reached skill level 3 in Fighting
  1078 | D:2      | Reached XP level 3. HP: 35/37 MP: 7/7
  1301 | D:2      | Identified the +5 mace of the Hummingbird {holy, Str+2
                  | SInv}
  1886 | D:3      | Noticed Ijyb
  1927 | D:2      | Reached XP level 4. HP: 29/45 MP: 8/8
  2085 | D:3      | Killed Ijyb
  2190 | D:3      | Reached XP level 5. HP: 18/54 MP: 9/9
  3658 | D:2      | Learned a level 2 spell: Blink
  3662 | D:2      | Learned a level 3 spell: Gell's Gravitas
  3776 | D:3      | Reached skill level 4 in Fighting
  3881 | D:3      | Reached XP level 6. HP: 46/62 MP: 11/11
  4924 | D:4      | Reached XP level 7. HP: 53/71 MP: 13/13
  5848 | D:5      | Entered Level 5 of the Dungeon
  5861 | D:5      | Reached skill level 1 in Shields
  6084 | D:5      | Reached skill level 5 in Fighting
  6212 | D:5      | Reached XP level 8. HP: 26/80 MP: 14/14
  6567 | D:5      | Found Ityasalo's General Store.
  6669 | D:5      | Identified a scroll of acquirement
  6669 | D:5      | Acquired the ring of Jegalaust {rF+ rC+ EV+4 Str+6}
  7423 | D:6      | Reached skill level 5 in Spellcasting
  7483 | D:6      | Found Puod's Self-Improvement Boutique.
  7967 | D:6      | Reached skill level 6 in Fighting
  8393 | D:6      | Found Zonn's General Store.
  8395 | D:6      | Found Cunaloot's Specific Store.
  8409 | D:6      | Bought a scroll of enchant armour for 82 gold pieces
  8919 | D:6      | Reached XP level 9. HP: 84/91 MP: 17/17
  9364 | D:7      | Found an ancient bone altar of Kikubaaqudgha.
  9393 | D:7      | Found a glowing golden altar of the Shining One.
  9399 | D:7      | Became a worshipper of the Shining One
  9870 | D:7      | Reached skill level 5 in Translocations
  9930 | D:7      | Reached skill level 5 in Axes
  9930 | D:7      | Reached skill level 1 in Invocations
 10189 | D:7      | Found a staircase to the Ecumenical Temple.
 10204 | Temple   | Entered the Ecumenical Temple
 10541 | D:8      | Reached skill level 7 in Fighting
 10883 | D:8      | Noticed a hornet
 10889 | D:8      | Killed a hornet
 10890 | D:8      | Reached skill level 5 in Dodging
 10898 | D:8      | Reached skill level 5 in Throwing
 11285 | D:8      | Reached XP level 10. HP: 74/102 MP: 18/18
 11631 | D:8      | Reached * piety under the Shining One
 12433 | D:10     | Entered Level 10 of the Dungeon
 12437 | D:10     | Noticed a two-headed ogre
 12709 | D:10     | Killed a two-headed ogre
 12710 | D:10     | Reached skill level 8 in Fighting
 12849 | D:10     | Noticed a gargoyle
 12858 | D:10     | Killed a gargoyle
 12875 | D:10     | Slain by a troll

Illustrated notes

Levels and vault maps discovered:
D:1:      tarquinn_simple_flora_water_f, layout_basic,
          nicolae_ecumenical_snake_handling, serial_bayou_lake_a
D:2:      layout_basic
D:3:      layout_rooms, uniq_ijyb
D:4:      layout_cave_pods, minmay_increasing_density
D:5:      layout_loops_cross, serial_shops, shop, reono_crystal_passage
D:6:      layout_basic, nrook_mini_backslash, nicolae_specific_store,
          nicolae_shop_self_help
D:7:      layout_cave_pods, mainiacjoe_overflow_concentric_impassable,
          mainiacjoe_overflow_boulevard, temple_hall
D:8:      nicolae_BIG_FREAKIN_CUBE, layout_loops_ring
D:9:      layout_rooms, mainiacjoe_overflow_tiny_flanked, gammafunk_ghost_icy,
          uniq_joseph
D:10:     layout_layer_cave, erik_lair_orcish_takeover, david_orc_3, uniq_fannar
Temple:   hellmonk_temple_of_storms

Skill      XL: |  1  2  3  4  5  6  7  8  9 10 |
---------------+-------------------------------+-----
Fighting       | 3 4 5 6 7 8 |  8.2
Translocations | 3 4 5 6 |  6.0
Spellcasting   | 3 4 5 |  5.5
Throwing       | 2 3 4 5 |  5.8
Dodging        | 3 4 5 |  5.7
Axes           | 3 4 5 6 |  6.1
Shields        | 1 3 4 |  4.9
Invocations    | 2 3 |  3.8

Action                   |  1- 3 |  4- 6 |  7- 9 | 10-12 || total
-------------------------+-------+-------+-------+-------++-------
Melee: Hand axe          |    91 |       |       |       ||    91
       Punch             |     2 |     1 |       |       ||     3
       Mace              |    26 |   115 |   307 |    70 ||   518
       Unarmed           |       |     8 |       |       ||     8
Evoke: Wand              |       |       |       |     4 ||     4
  Use: Potion            |       |     4 |     2 |     3 ||     9
       Scroll            |       |     4 |     5 |     5 ||    14
Armor: Robe              |    58 |    38 |    32 |       ||   128
       Skin              |       |     1 |       |       ||     1
       Steam dragon scal |       |       |    24 |    18 ||    42
Dodge: Dodged            |    70 |    82 |   192 |    93 ||   437
Block: Kite shield       |       |       |   130 |    63 ||   193

Table legend: (Time is in decaauts)
 A = Elapsed time spent in this place.
 B = Non-inter-level travel time spent in this place.
 C = Inter-level travel time spent in this place.
 D = Time resting spent in this place.
 E = Time spent auto-exploring this place.
 F = Levels seen in this place.
 G = Mean time per level.
                   A        B        C        D        E       F      G
               +--------+--------+--------+--------+--------+-----+--------+
         Total |  13143 |  12849 |    294 |   4518 |   6163 |  11 | 1194.8 |
       Dungeon |  13142 |  12848 |    294 |   4518 |   6163 |  10 | 1314.2 |
        Temple |      1 |      1 |      0 |      0 |      0 |   1 |    1.0 |
               +--------+--------+--------+--------+--------+-----+--------+

Top non-repeatable levels by time:
     D:2: 2123 daAuts
     D:7: 1886 daAuts
     D:5: 1740 daAuts
     D:6: 1701 daAuts
     D:4: 1419 daAuts
     D:3: 1293 daAuts
     D:8: 1240 daAuts
     D:1: 1134 daAuts
    D:10: 449 daAuts
     D:9: 152 daAuts
  Temple: 1 daAuts
